 Dungeon Crawl Stone Soup version 0.20-a0-77-g476458c (webtiles) character file.

882 graymark the Sneak (level 8, 0/46 HPs)
             Began as an Octopode Conjurer on Nov 19, 2016.
             Killed from afar by an electric eel (13 damage)
             ... with a bolt of electricity
             ... on level 5 of the Dungeon.
             The game lasted 00:19:22 (6979 turns).

graymark the Sneak (Octopode Conjurer)              Turns: 6979, Time: 00:19:23

Health: 0/46       AC:  5    Str:  8    XL:     8   Next: 5%
Magic:  10/14      EV: 14    Int: 19    God:
Gold:   190        SH:  0    Dex: 12    Spells: 3 memorised, 7 levels left

rFire  . . .     SeeInvis .     y - +2 dagger (venom)
rCold  . . .     Gourm    .     (no shield)
rNeg   . . .     Faith    .     (helmet restricted)
rPois  .         Spirit   .     (no amulet)
rElec  .         Reflect  .     q - +4 ring of protection
rCorr  .         Harm     .     (no ring)
MR     .....                    (no ring)
Stlth  ++++......               (no ring)
                                (no ring)
                                (no ring)
                                (no ring)
                                (no ring)

@: no status effects
A: almost no armour, stealthy swim, amphibious, 8 rings, constrict 8, camouflage
1, gelatinous body 1
a: no special abilities


You were on level 5 of the Dungeon.
You were not hungry.

You visited 1 branch of the dungeon, and saw 5 of its levels.

You collected 190 gold pieces.

Inventory:

Hand Weapons
 j - a +0 hunting sling
 y - a +2 dagger of venom (weapon)
Missiles
 c - 48 poisoned needles
 f - 2 javelins of penetration
 k - 151 stones
 m - 3 steel tomahawks (quivered)
Armour
 t - a +0 buckler
Jewellery
 q - a +4 ring of protection (left tentacle)
Scrolls
 g - 4 scrolls of remove curse
 h - a scroll of random uselessness {unknown}
 i - 2 scrolls of enchant weapon {unknown}
 l - a scroll of fog {unknown}
 n - a scroll of blinking {unknown}
 p - a scroll of amnesia {unknown}
 s - 3 scrolls of teleportation
 v - 2 scrolls of recharging {unknown}
 B - a scroll of enchant armour {unknown}
Potions
 e - 3 potions of brilliance
 w - a potion of cure mutation
 z - a potion of curing
 A - a potion of lignification
Books
 a - a book of Conjurations

   Spells                             Type                      Level
   a - Magic Dart                     Conjuration                  1
   b - Searing Ray                    Conjuration                  2
   c - Dazzling Spray                 Conjuration/Hexes            3
   d - Fulminant Prism                Conjuration/Hexes            4
   e - Iskenderun's Mystic Blast      Conjuration                  4
   f - Iskenderun's Battlesphere      Conjuration/Charms           5
 o - a book of Maledictions

   Spells                             Type                      Level
   a - Corona                         Hexes                        1
   b - Ensorcelled Hibernation        Hexes/Ice                    2
   c - Confuse                        Hexes                        3
   d - Tukima's Dance                 Hexes                        3
   e - Dazzling Spray                 Conjuration/Hexes            3
Comestibles
 b - 4 bread rations
 d - 3 chunks of flesh
 r - 3 meat rations
 u - 2 royal jellies
 x - a beef jerky


   Skills:
 - Level 2.7 Dodging
 + Level 6.8 Stealth
 + Level 4.4 Spellcasting
 + Level 5.8 Conjurations
 + Level 3.8 Hexes


You had 7 spell levels left.
You knew the following spells:

 Your Spells              Type           Power        Failure   Level  Hunger
a - Magic Dart            Conj           ####         1%          1    None
b - Dazzling Spray        Conj/Hex       ###...       8%          3    ###....
c - Fulminant Prism       Conj/Hex       ###.......   21%         4    ####...


Dungeon Overview and Level Annotations

Branches:
Dungeon (5/15)
 Temple: D:4-7

Altars:
Nemelex Xobeh
Uskayaw


Innate Abilities, Weirdness & Mutations

You cannot wear most types of armour.
You are very stealthy in the water. (Stealth+)
You are amphibious.
You can wear up to eight rings at the same time.
You can use your tentacles to constrict eight enemies at once.
Your skin changes colour to match your surroundings (Stealth+).
Your rubbery body absorbs attacks. (AC +1, EV +1)


Message History

There is an open door here.
Casting: Fulminant Prism
Confirm with . or Enter, or press ? or * to list all spells.
Aiming: Fulminant Prism
Press: ? - help, Dir - move target cursor You conjure a prism of explosive energy!
The electric eel shoots out a bolt of lightning at you!
The bolt of electricity hits your fulminant prism.
Your fulminant prism resists.
The bolt of electricity hits you!
Unknown command.
The electric eel shoots out a bolt of lightning at you!
The bolt of electricity hits you!
* * * LOW HITPOINT WARNING * * *
The electric eel shoots out a bolt of lightning at you!
The bolt of electricity hits your fulminant prism.
Your fulminant prism resists.
Your fulminant prism detonates feebly.
The bolt of electricity hits you!
You die...

#. #.#≈.≈≈....#.#
#.#
#≈#≈≈.≈P..'#.#
#.#
##≈##≈..≈..#..#
#.##
##≈##########≈##
#...
#≈##≈$≈...##≈≈#
####
#.#≈;(PP...#≈##
####.#≈;.≈....#.#
#..#.#≈;/....'#.#
#..#'##≈=.P..#@.#
#.....########.##
#<..)#..# ###
#.......#
#.......#
##.#..#.#
##>#.#.<##
#......).#
#...#.#..#


You could see 3 electric eels.

Vanquished Creatures
  The ghost of KristoblXynda the Chopper, an amateur DrSk (D:4)
  An ogre (D:5)
  A bullfrog (D:3)
  3 electric eels (D:5)
  3 orc wizards (D:4)
  2 bullfrog skeletons (D:4)
  4 hounds
  2 worker ants (D:4)
  6 adders
  A shadow imp (D:3)
  3 oozes
  An adder zombie (D:3)
  An adder skeleton (D:4)
  2 dart slugs
  4 leopard geckos
  8 orcs
  4 ball pythons
  4 giant cockroaches
  7 hobgoblins
  12 jackals
  9 kobolds
  11 bats
  A frilled lizard (D:2)
  6 goblins
  8 rats
105 creatures vanquished.

Vanquished Creatures (others)
  4 fulminant prisms (D:5)
  A plant (D:5)
5 creatures vanquished.

Grand Total: 110 creatures vanquished

Notes
Turn   | Place    | Note
-------+----------+-------------------------------------------
     0 | D:1      | graymark the Octopode Conjurer began the quest for the Orb.
     0 | D:1      | Reached XP level 1. HP: 11/11 MP: 3/3
    42 | D:1      | Reached skill level 3 in Stealth
    42 | D:1      | Reached XP level 2. HP: 5/17 MP: 1/5
   402 | D:1      | Found a sparkling altar of Nemelex Xobeh.
   584 | D:1      | Reached XP level 3. HP: 19/21 MP: 6/6
   919 | D:1      | Learned a level 3 spell: Dazzling Spray
  1326 | D:2      | Reached XP level 4. HP: 27/27 MP: 3/8
  2539 | D:3      | Reached skill level 4 in Stealth
  2539 | D:3      | Reached skill level 1 in Hexes
  2540 | D:3      | Reached XP level 5. HP: 31/31 MP: 0/9
  2619 | D:3      | Learned a level 4 spell: Fulminant Prism
  2942 | D:4      | Noticed KristoblXynda's ghost (amateur DrSk)
  3781 | D:4      | Reached XP level 6. HP: 36/36 MP: 10/10
  3853 | D:4      | Found a hide-covered altar of Uskayaw.
  3891 | D:4      | Reached skill level 5 in Stealth
  4272 | D:3      | Reached skill level 5 in Conjurations
  4737 | D:4      | Killed KristoblXynda's ghost
  4737 | D:4      | Reached XP level 7. HP: 13/41 MP: 0/12
  5034 | D:4      | Reached skill level 6 in Stealth
  5614 | D:5      | Entered Level 5 of the Dungeon
  6494 | D:5      | Reached XP level 8. HP: 25/46 MP: 9/14
  6979 | D:5      | Killed from afar by an electric eel

Vault maps used:
D:1:      erik_arrival_gehennom, nemelex_xobeh_ov_fountains_minmay
D:2:      minmay_misc_feat_cross, minmay_tiny_reverse_x
D:3:      first_bread
D:4:      lemuel_doored_altar
D:5:      cheibrodos_two_vegetables, gammafunk_temple_overflow_elements,
          serial_shops, shop

Skill      XL: |  1  2  3  4  5  6  7 |
---------------+----------------------+-----
Stealth        | 3 4 5 6 |  6.8
Spellcasting   | 3 4 |  4.4
Hexes          | 1 2 3 |  3.8
Conjurations   | 5 |  5.8
Dodging        | |  2.7

Action                   |  1- 3 |  4- 6 |  7- 9 || total
-------------------------+-------+-------+-------++-------
Melee: Unarmed           |    15 |       |       ||    15
       Constrict         |    10 |    17 |     5 ||    32
       Tentacles         |     7 |    20 |     2 ||    29
       Dagger            |    28 |   104 |    24 ||   156
 Cast: Magic Dart        |    27 |   137 |    57 ||   221
       Fulminant Prism   |       |       |     4 ||     4
  Use: Scroll            |       |       |     6 ||     6
 Stab: Sleeping          |     8 |     8 |     3 ||    19
  Eat: Chunk             |     1 |     9 |     5 ||    15
       Pizza             |       |     1 |       ||     1
       Bread ration      |       |       |     1 ||     1
Armor: Skin              |     6 |    31 |    10 ||    47
Dodge: Dodged            |    33 |    79 |    15 ||   127
